 Dungeon Crawl Stone Soup version 0.29.1-1-gd02db6906a (webtiles) character file.

Game seed: 778883435016358506

135 fireball365 the Digger (level 4, -10/34 HPs)
             Began as a Demigod Earth Elementalist on Oct 8, 2022.
             Killed from afar by Dowan (11 damage)
             ... with a puff of frost
             ... on level 4 of the Dungeon.
             The game lasted 00:13:37 (3110 turns).

fireball365 the Digger (Demigod Earth Elementalist) Turns: 3110, Time: 00:13:37

Health: -10/34     AC:  7    Str:  9    XL:     4   Next: 65%
Magic:  1/11       EV: 10    Int: 21    God:
Gold:   241        SH:  0    Dex: 14    Spells: 4/8 levels left

rFire   . . .      SeeInvis .   w - +0 flail
rCold   . . .      Faith    .   (no shield)
rNeg    . . .      Spirit   .   m - +1 ring mail
rPois   .          Reflect  .   (no helmet)
rElec   .          Harm     .   h - +0 cloak
rCorr   .          Rampage  .   (no gloves)
Will    .....                   (no boots)
Stlth   +.........              (no amulet)
HPRegen 0.11/turn               a - +4 ring of slaying
MPRegen 0.12/turn               (no ring)

@: lit by a corona, glowing
A: high MP 1, forlorn, divine attributes
a: no special abilities


You were on level 4 of the Dungeon.
You visited 1 branch of the dungeon, and saw 4 of its levels.

You collected 241 gold pieces.

Inventory:

Hand Weapons
 c - a +2 dagger of venom
 l - a +0 rapier
 s - a +0 spear
 t - a +0 spear
 u - a +2 dagger of holy wrath
 w - a +0 flail (weapon)
Missiles
 e - 70 stones
 x - 3 poisoned darts
Armour
 h - a +0 cloak (worn)
 m - a +1 ring mail (worn)
Jewellery
 a - a +4 ring of slaying (left hand)
Scrolls
 g - a scroll of noise
 i - a scroll of amnesia
Potions
 b - a potion of magic
 d - 2 potions of attraction {unknown}
 f - 2 potions of flight {unknown}
 j - 2 potions of might
 o - a potion of degeneration {unknown}
 p - a potion of invisibility {unknown}
 v - a potion of heal wounds {unknown}


   Skills:
 + Level 0.3 Fighting
 + Level 2.1 Dodging
 + Level 2.1 Stealth
 + Level 2.8 Spellcasting
 + Level 0.8 Transmutations
 + Level 4.1 Earth Magic


You had 4 spell levels left.
You knew the following spells:

 Your Spells              Type           Power      Damage    Failure   Level
a - Sandblast             Erth           40%        2d10      7%          1
b - Stone Arrow           Conj/Erth      22%        3d8       43%         3

Your spell library contained the following spells:

 Spells                   Type           Power      Damage    Failure   Level
 Passwall                 Tmut/Erth      10%        N/A       21%         2
 Foxfire                  Conj/Fire      12%        2x1d4     36%         1
 Conjure Flame            Conj/Fire      3%         6-21      75%         3
 Inner Flame              Hex/Fire       3%         N/A       75%         3
 Petrify                  Tmut/Erth      13%        N/A       80%         4
 Flame Wave               Conj/Fire      3%         2d5       98%         4


Dungeon Overview and Level Annotations

Branches:
Dungeon (4/15)
 Temple: D:4-7

Shops:
D:2 *

Annotations:
D:4 Dowan, Duvessa


Innate Abilities, Weirdness & Mutations

You have an increased reservoir of magic. (+10% MP)
You shall have no god before yourself.
Your divine heritage dramatically boosts your attributes as you level up.


Message History

Duvessa is moderately wounded.
Duvessa closely misses you.
Duvessa says, "When magic and the sword combine, nothing stands against them."
Duvessa closely misses you.
The blast of sand hits Duvessa!
Duvessa is heavily wounded.
Duvessa drinks a potion.
Duvessa is healed!
The blast of sand misses Duvessa.
Duvessa hits you with a +0 short sword. x2
The blast of sand hits Duvessa but does no damage.
Duvessa is moderately wounded.
Duvessa hits you but does no damage.
Dowan casts a spell at Duvessa.
Duvessa seems to speed up.
The blast of sand hits Duvessa but does no damage.
Duvessa is moderately wounded.
Duvessa hits you but does no damage.
Dowan mumbles some strange words.
Dowan blinks!
Duvessa hits you with a +0 short sword. Duvessa hits you with a +0 short sword!
You are too injured to fight recklessly!
As you read the scroll labelled UMUYRR VAOZIYST, it crumbles to dust.
You feel aware of your surroundings.
You sensed 1 shop/portal.
It was a scroll of magic mapping.
Duvessa hits you with a +0 short sword!
As you read the scroll labelled EDAJOO HUM WIE, it crumbles to dust.
It is a scroll of enchant armour.
Your +0 ring mail glows green for a moment.
Duvessa closely misses you. Duvessa barely misses you.
As you read the scroll labelled WOKLI RYOTOGRU, it crumbles to dust.
It is a scroll of identify.
j - 2 potions of might Duvessa hits you with a +0 short sword!
* * * LOW HITPOINT WARNING * * *
Dowan hits you with a +0 dagger.
* * * LOW HITPOINT WARNING * * *
As you read the scroll labelled PEWEDA IRROACW, it crumbles to dust.
The creatures around you are filled with an inner flame!
It was a scroll of immolation.
Duvessa hits you but does no damage. Dowan gestures at you while chanting.
The puff of frost hits you!
You die...

*,,,,,,,,,,* #..........#
#..........# #..........#
########## #..........#
.........# #..........##*********
.........####...#.).....,,,,,,,,,
.........#......†e......,****,,,,
...............$@#****,*,,,,,,***
...........#####e#,,,*,*,,*****
...#.#...### #.#,*,*,*,,,,,*
.........## #.#,*,*,*,,,,,*
...#.#....# #.#,*,,,*,,,,,*
#......##.#****#.#,*****,,,,,*
##....##*...**,..#,,,,,,,,,,,* *
##...## *##..#,#.#,*****,,,,,****
#...## *#.#,*,*,*,,,*,<,,,**,,


You could see Duvessa (fast, inner flame) and Dowan (inner flame).

Vanquished Creatures
  An orc wizard (D:4)
  5 adders
  A worm (D:2)
  A dart slug (D:2)
  3 orcs (D:4)
  7 ball pythons
  5 endoplasms
  5 giant cockroaches
  4 goblins
  A hobgoblin (D:3)
  3 jackals (D:2)
  4 quokkas
  5 bats
  3 frilled lizards
  4 kobolds
  4 rats
56 creatures vanquished.

Vanquished Creatures (others)
  15 plants (D:1)
15 creatures vanquished.

Grand Total: 71 creatures vanquished

Notes
Turn   | Place    | Note
-------+----------+-------------------------------------------
     0 | D:1      | fireball365 the Demigod Earth Elementalist began the quest
                  | for the Orb.
     0 | D:1      | Reached XP level 1. HP: 14/14 MP: 5/5
   241 | D:1      | Reached skill level 3 in Earth Magic
   434 | D:1      | Reached XP level 2. HP: 21/22 MP: 4/7
  1516 | D:2      | Found Meqy's General Store.
  1729 | D:2      | Reached XP level 3. HP: 27/27 MP: 5/9
  1903 | D:2      | Learned a level 3 spell: Stone Arrow
  2406 | D:3      | Reached XP level 4. HP: 21/34 MP: 2/10
  2999 | D:4      | Reached skill level 4 in Earth Magic
  3094 | D:4      | Noticed Dowan
  3095 | D:4      | Noticed Duvessa
  3109 | D:4      | HP: 1/34 [Dowan/+0 dagger (3)]
  3110 | D:4      | Killed from afar by Dowan

Illustrated notes

Levels and vault maps discovered:
D:1:      matt_arrival_refuge, layout_basic,
          shapermc_ecumenical_altar_hornbeckon, palyth_stone_intersect,
          grunt_decor_resistance
D:2:      layout_basic, serial_shops, shop, amcnicky_mini_pool_small
D:3:      layout_rooms, nzn_wu_jian_contemplation, minmay_unequal
D:4:      layout_rooms, serial_glass, glass_columns_a, glass_columns_a,
          enter_ossuary_5, roderic_lattice_a, uniq_duvessa

Skill      XL: |  1  2  3  4 |
---------------+-------------+-----
Earth Magic    | 3 4 |  4.1
Spellcasting   | 2 |  2.8
Dodging        | 2 |  2.1
Stealth        | 2 |  2.1
Fighting       | |  0.3
Transmutations | |  0.8

Action                   |  1- 3 |  4- 6 || total
-------------------------+-------+-------++-------
Melee: Unarmed           |     1 |       ||     1
       Dagger            |    91 |       ||    91
       Punch             |     1 |       ||     1
       Rapier            |     1 |     6 ||     7
 Cast: Sandblast         |    59 |    27 ||    86
       Stone Arrow       |     1 |       ||     1
  Use: Scroll            |     2 |     4 ||     6
Armor: Robe              |     9 |       ||     9
       Ring mail         |     3 |    11 ||    14
Dodge: Dodged            |    48 |    12 ||    60
